 Dungeon Crawl Stone Soup version 0.29-a0-323-g050149af67 (webtiles) character file.

Game seed: 2054853848623207507

42 spaghetti the Conjurer (level 3, -1/26 HPs)
             Began as a Demigod Conjurer on Apr 10, 2022.
             Slain by an adder (3 damage)
             ... on level 2 of the Dungeon.
             The game lasted 00:01:44 (1270 turns).

spaghetti the Conjurer (Demigod Conjurer)           Turns: 1270, Time: 00:01:45

Health: -1/26      AC:  2    Str: 10 (12) XL:     3   Next: 17%
Magic:  7/8        EV: 12    Int: 19 (20) God:
Gold:   43         SH:  0    Dex:  9 (12) Spells: 4/5 levels left

rFire   + . .      SeeInvis .   c - +0 morningstar {mace}
rCold   + . .      Faith    .   (no shield)
rNeg    . . .      Spirit   .   a - +0 robe
rPois   +          Reflect  .   (no helmet)
rElec   +          Harm     .   (no cloak)
rCorr   +          Rampage  .   (no gloves)
Will    .....                   (no boots)
Stlth   ++........              (no amulet)
HPRegen 0.08/turn               (no ring)
MPRegen 0.11/turn               (no ring)

@: lethally poisoned (-1 -> -5), resistant, attractive
A: high MP 1, forlorn, divine attributes
a: no special abilities


You were on level 2 of the Dungeon.
You visited 1 branch of the dungeon, and saw 2 of its levels.

You collected 43 gold pieces.


Innate Abilities, Weirdness & Mutations

You have an increased reservoir of magic. (+10% MP)
You shall have no god before yourself.
Your divine heritage dramatically boosts your attributes as you level up.


   Skills:
 - Level 1.7 Dodging
 - Level 1.7 Stealth
 - Level 1.7 Spellcasting
 + Level 4.7 Conjurations


You had 4 spell levels left.
You knew the following spells:

 Your Spells              Type           Power      Damage    Failure   Level
a - Magic Dart            Conj           76%        1d6       2%          1

Your spell library contained the following spells:

 Spells                   Type           Power      Damage    Failure   Level
 Searing Ray              Conj           38%        2d5       3%          2
 Dazzling Flash           Conj/Hex       20%        N/A       21%         3
 Fulminant Prism          Conj/Hex       5%         3d7       54%         4
 Iskenderun's Mystic Bla  Conj/Tloc      10%        2d4       54%         4

Inventory:

Hand Weapons
 c - a +0 morningstar (weapon) {mace}
   (You found it on level 1 of the Dungeon)
Missiles
 g - 50 stones {throwing}
Armour
 a - a +0 robe (worn)
 l - a +0 plate armour
   (You found it on level 1 of the Dungeon)
Magical Staves
 f - a staff of poison {!astaff}
   (You found it on level 1 of the Dungeon)
Scrolls
 d - 2 scrolls of identify {unknown}
 n - a scroll of enchant armour {unknown}
Potions
 b - a potion of magic
 i - a potion of curing {unknown}
 j - a potion of lignification {unknown}
 m - a potion of brilliance {unknown}

Dungeon Overview and Level Annotations

Branches:
Dungeon (2/15)

####[ ....
####... ## .
... .. #.... .#
#.#.#.#.##>.#
.......S....###
#@.......
####..##. #


You could see an adder.


Message History

Done exploring.
Done exploring.
Done exploring.
Done exploring.
(D) Dungeon
Where to? (Enter - D:1 @ (x,y), ? - help)
There is an open door here.
You see here a jackal corpse.
You see here a jackal corpse.
There is a stone staircase leading down here.
You climb downwards.
Found a buckler.
Found a stone staircase leading down.
There is a stone staircase leading up here.
There are monsters nearby!
Unknown command.
Unknown command.
There are monsters nearby!
The magic dart hits the endoplasm!
You kill the endoplasm! 😎 MP[-1]
You lost 1 mp, and now have 7/8 mp.
The magic dart hits the giant cockroach but does no damage. 😎 MP[-1]
You lost 1 mp, and now have 6/8 mp.
You barely miss the giant cockroach. The giant cockroach misses you.
The giant cockroach bites you. 😕 HP[-1]
You take 1 damage, and now have 25/26 hp.
You barely miss the giant cockroach. The giant cockroach misses you. x2
You barely miss the giant cockroach.
The adder hisses angrily.
The giant cockroach bites you but does no damage.
You barely miss the giant cockroach. The giant cockroach bites you.
The giant cockroach misses you. 😕 HP[-2]
You take 2 damage, and now have 23/26 hp.
You are too injured to fight recklessly!
You are too injured to fight recklessly!
You are too injured to fight recklessly!
You are too injured to fight recklessly!
You are too injured to fight recklessly!
You are too injured to fight recklessly!
You are too injured to fight recklessly!
You are too injured to fight recklessly!
You are too injured to fight recklessly!
You are too injured to fight recklessly!
You are too injured to fight recklessly!
You are too injured to fight recklessly!
You are too injured to fight recklessly!
You are too injured to fight recklessly!
You are too injured to fight recklessly!
You barely miss the giant cockroach. The giant cockroach barely misses you.
The adder bites you.
You are poisoned.
The adder poisons you!
The giant cockroach barely misses you. 😕 HP[-3] MP[+1]
You take 3 damage, and now have 20/26 hp.
You closely miss the giant cockroach.
You feel very sick. The adder misses you. The giant cockroach bites you.
The adder closely misses you.
The giant cockroach closely misses you. 😮 HP[-4]
You take 4 damage, and now have 16/26 hp.
You puncture the giant cockroach!
You kill the giant cockroach!
You feel sick. The adder bites you.
* * * LOW HITPOINT WARNING * * *
The adder barely misses you. 😨 HP[-4]
You take 4 damage, and now have 12/26 hp.
Unknown command.
You closely miss the adder.
You feel sick. The adder misses you. The adder bites you.
* * * LOW HITPOINT WARNING * * *
You are more poisoned.
The adder poisons you! 😨 HP[-4]
You take 4 damage, and now have 8/26 hp.
It was a potion of resistance.
You feel protected.
* * * LOW HITPOINT WARNING * * *
You feel sick. The adder barely misses you. 😱 HP[-2]
You take 2 damage, and now have 6/26 hp.
Unknown command.
It was a potion of attraction.
You feel attractive to monsters.
* * * LOW HITPOINT WARNING * * *
You feel sick. The adder bites you.
* * * LOW HITPOINT WARNING * * *
😱 HP[-2]
You take 2 damage, and now have 4/26 hp.
It was a potion of degeneration.
There was something very wrong with that liquid.
You feel weakened.
You feel dopey.
You feel clumsy.
* * * LOW HITPOINT WARNING * * *
You feel sick. The adder bites you.
* * * LOW HITPOINT WARNING * * *
The adder bites you.
You die...

Skill      XL: |  1 |
---------------+----+-----
Conjurations   | 4 |  4.7
Dodging        | |  1.7
Stealth        | |  1.7
Spellcasting   | |  1.7

Action                   || total
-------------------------++-------
Melee: Unarmed           ||     7
       Morningstar       ||    23
 Cast: Magic Dart        ||    59
  Use: Potion            ||     3
Armor: Robe              ||    11
Dodge: Dodged            ||    47

Levels and vault maps discovered:
D:1:      scummos_arrival_simple_fountains, layout_basic,
          hellmonk_ecumenical_altar_heavens_door, palyth_stone_intersect
D:2:      layout_loops_ring, hangedman_decor_clover_reticule,
          kennysheep_generic_room_10

Notes
Turn   | Place    | Note
-------+----------+-------------------------------------------
     0 | D:1      | spaghetti the Demigod Conjurer began the quest for the Orb.
     0 | D:1      | Reached XP level 1. HP: 14/14 MP: 5/5
     0 | D:1      | magus.rc [v1.9.6]
   207 | D:1      | Reached skill level 4 in Conjurations
   396 | D:1      | Reached XP level 2. HP: 20/20 MP: 0/7
  1078 | D:1      | Reached XP level 3. HP: 25/26 MP: 4/8
  1268 | D:2      | HP: 6/26 [poisoned by an adder]
  1270 | D:2      | HP: 2/26 [adder (1)]
  1270 | D:2      | Slain by an adder

Vanquished Creatures
  4 endoplasms
  6 giant cockroaches
  3 hobgoblins (D:1)
  4 jackals (D:1)
  2 quokkas (D:1)
  4 ball pythons (D:1)
  4 bats (D:1)
  2 frilled lizards (D:1)
  2 goblins (D:1)
  5 kobolds (D:1)
  A rat (D:1)
37 creatures vanquished.

Table legend:
 A = Non-vault XP
 B = Vault XP
 C = Vault XP percentage of total XP
 D = Non-vault monster count
 E = Vault monster count
 F = Vault count percentage of total count
                 A         B        C        D         E       F
            +---------+---------+-------+---------+---------+-------
      Total |      60 |       0 |   0.0 |      37 |       0 |   0.0
            +---------+---------+-------+---------+---------+-------
        D:1 |      56 |       0 |   0.0 |      35 |       0 |   0.0
        D:2 |       4 |       0 |   0.0 |       2 |       0 |   0.0
            +---------+---------+-------+---------+---------+-------

Illustrated notes

Table legend:
 A = Kills in this place as a percentage of kills in entire the game.
 B = Kills by you in this place as a percentage of kills by you in the entire game.
 C = Kills by friends in this place as a percentage of kills by friends in the entire game.
 D = Other kills in this place as a percentage of other kills in the entire game.
 E = Experience gained in this place as a percentage of experience gained in the entire game.
 F = Experience gained in this place divided by the number of levels of this place that you have seen.
                   A       B       C       D       E      F
               +-------+-------+-------+-------+-------+----------------------
         Total | 100.0 | 100.0 |   N/A |   N/A | 100.0 |  30.0
       Dungeon | 100.0 | 100.0 |   N/A |   N/A | 100.0 |  30.0
               +-------+-------+-------+-------+-------+----------------------

Table legend: (Time is in decaauts)
 A = Elapsed time spent in this place.
 B = Non-inter-level travel time spent in this place.
 C = Inter-level travel time spent in this place.
 D = Time resting spent in this place.
 E = Time spent auto-exploring this place.
 F = Levels seen in this place.
 G = Mean time per level.
                   A        B        C        D        E       F      G
               +--------+--------+--------+--------+--------+-----+--------+
         Total |   1280 |   1247 |     33 |     79 |    958 |   2 |  640.0 |
       Dungeon |   1280 |   1247 |     33 |     79 |    958 |   2 |  640.0 |
               +--------+--------+--------+--------+--------+-----+--------+

Top non-repeatable levels by time:
     D:1: 1264 daAuts
     D:2: 16 daAuts
